 Seeded DCSS version 0.29.1-2-gbd0b4ee654 (webtiles) character file.

Game seed: 19941 (custom seed)

157411 Ashen the Lord of Darkness (level 16, -6/129 HPs)
             Began as a Demonspawn Necromancer on Oct 30, 2022.
             Was the Champion of Kikubaaqudgha.
             Mangled by a manticore (7 damage)
             ... on level 4 of the Shoals.
             The game lasted 03:01:32 (38433 turns).

Ashen the Lord of Darkness (DsNe)                  Turns: 38433, Time: 03:01:33

Health: -6/129     AC:  8    Str:  7    XL:     16   Next: 85%
Magic:  3/35       EV: 18    Int: 26    God:    Kikubaaqudgha [******]
Gold:   1397       SH:  0    Dex: 15    Spells: 10/45 levels left

rFire   + . .      SeeInvis +   a - +9 scimitar (protect)
rCold   . . .      Faith    .   (no shield)
rNeg    + . .      Spirit   .   N - +1 leather armour "Jufiosk" {+Blink rPois rN+ rCorr}
rPois   +          Reflect  .   Y - +0 hat "Nafusaluo" {rElec rF+ Will+++ Str-2}
rElec   +          Harm     .   (cloak unavailable)
rCorr   +          Rampage  +   n - +0 pair of gloves
Will    ++...                   H - +2 pair of boots {rampage}
Stlth   +.........              U - amulet "Okhor" {RegenMP Int+3 Stlth+}
HPRegen 6.31/turn               I - ring of see invisible
MPRegen 0.64/turn               L - ring of willpower

@: lit by a corona, weak-willed, animating dead, glowing, very slow
A: powered by death 2, augmentation 1, sturdy frame 3, weakness stinger 3
}: 1/15 runes: barnacled
a: Renounce Religion, Evoke Blink, Unearth Wretches, Torment


You were on level 4 of the Shoals.
You worshipped Kikubaaqudgha.
Kikubaaqudgha was exalted by your worship.
You visited 5 branches of the dungeon, and saw 27 of its levels.
You also visited: Bailey and Gauntlet.

You collected 2732 gold pieces.
You spent 1335 gold pieces at shops.

Inventory:

Hand Weapons
 a - a +9 scimitar of protection (weapon)
 l - a +1 rapier of venom
Missiles
 F - 16 javelins
Armour
 n - a +0 pair of gloves (worn)
 v - a +0 pair of boots of flying
 H - a +2 pair of boots of rampaging (worn)
 N - the +1 leather armour "Jufiosk" (worn) {+Blink rPois rN+ rCorr}
   (You bought it in a shop on level 1 of the Dungeon)

   rPois:     It protects you from poison.
   rN:        It protects you from negative energy.
   +Blink:    It lets you blink.
   rCorr:     It protects you from acid and corrosion.
 W - the +0 buckler "Uczin" {rF++ Str+2}
   (You found it in a Gauntlet)

   Str:       It affects your strength (+2).
   rF:        It greatly protects you from fire.
 Y - the +0 hat "Nafusaluo" (worn) {rElec rF+ Will+++ Str-2}
   (You found it in a Gauntlet)

   Str:       It affects your strength (-2).
   rF:        It protects you from fire.
   rElec:     It insulates you from electricity.
   Will:      It greatly increases your willpower.
Magical Staves
 g - a staff of death
Jewellery
 I - a ring of see invisible (left hand)
 L - a ring of willpower (right hand)
 U - the amulet "Okhor" (around neck) {RegenMP Int+3 Stlth+}
   (You found it on level 2 of the Lair of Beasts)

   [amulet of magic regeneration]

   It increases your rate of magic regeneration.
   Int:       It affects your intelligence (+3).
   Stlth:     It makes you more stealthy.
Wands
 d - a wand of digging (17)
 f - a wand of charming (15)
 j - a wand of mindburst (21)
 D - a wand of acid (12)
 R - a wand of iceblast (17)
Scrolls
 c - 4 scrolls of magic mapping
 e - 7 scrolls of amnesia
 i - 4 scrolls of enchant armour
 r - 2 scrolls of torment
 s - a scroll of summoning
 x - 5 scrolls of teleportation
 y - 3 scrolls of poison
 z - 3 scrolls of vulnerability
 C - 6 scrolls of immolation
 O - 8 scrolls of butterflies
 S - a scroll of silence
 T - 2 scrolls of acquirement
 V - a scroll of fear
 Z - a scroll of blinking
Potions
 b - a potion of magic
 h - a potion of cancellation
 m - 2 potions of ambrosia
 o - 15 potions of curing
 p - 2 potions of mutation
 q - 2 potions of brilliance
 t - 4 potions of haste
 w - 6 potions of flight
 B - a potion of heal wounds
 E - 2 potions of resistance
 G - 2 potions of invisibility
 J - 3 potions of might
 P - 4 potions of attraction
 Q - 3 potions of lignification
Miscellaneous
 k - a phial of floods
 u - a lightning rod (4/4)
 K - a condenser vane (inert)
 M - a phantom mirror
 X - a tin of tremorstones (2/2)


   Skills:
 + Level 12.6 Fighting
 + Level 12.1 Dodging
 - Level 3.0 Stealth
 - Level 15.0 Spellcasting
 - Level 2.0 Hexes
 - Level 12.0 Summonings
 - Level 17.0 Necromancy
 - Level 5.0 Evocations


You had 10 spell levels left.
You knew the following spells:

 Your Spells              Type           Power      Damage    Failure   Level
a - Anguish               Hex/Necr       31%        N/A       1%          4
b - Vampiric Draining     Necr           82%        2d11      0%          3
c - Animate Dead          Necr           82%        N/A       1%          4
d - Haunt                 Necr/Summ      38%        N/A       6%          7
e - Death Channel         Necr           41%        N/A       1%          6
f - Borgnjor's Vile Clut  Necr/Erth      29%        N/A       2%          5
g - Summon Cactus Giant   Summ           34%        N/A       3%          6

Your spell library contained the following spells:

 Spells                   Type           Power      Damage    Failure   Level
 Necrotise                Necr           100%       1d9       0%          1
 Slow                     Hex            100%       N/A       1%          1
 Summon Small Mammal      Summ           100%       N/A       1%          1
 Call Canine Familiar     Summ           69%        N/A       1%          3
 Summon Guardian Golem    Hex/Summ       54%        N/A       1%          3
 Agony                    Necr           82%        N/A       1%          5
 Apportation              Tloc           38%        N/A       2%          1
 Sandblast                Erth           38%        2d10      2%          1
 Sting                    Tmut/Pois      76%        1d6       2%          1
 Ensorcelled Hibernation  Hex/Ice        48%        N/A       2%          2
 Corpse Rot               Necr/Pois/Air  48%        N/A       2%          4
 Summon Lightning Spire   Summ/Air       50%        N/A       2%          4
 Confusing Touch          Hex            29%        N/A       3%          3
 Tukima's Dance           Hex            29%        N/A       3%          3
 Passwall                 Tmut/Erth      15%        N/A       4%          2
 Poisonous Vapours        Pois/Air       38%        N/A       4%          2
 Summon Mana Viper        Hex/Summ       54%        N/A       4%          5
 Portal Projectile        Hex/Tloc       48%        N/A       5%          3
 Summon Forest            Summ/Tloc      25%        N/A       6%          5
 Conjure Flame            Conj/Fire      19%        6-21      9%          3
 Ignite Poison            Fire/Tmut/Pois 19%        N/A       9%          3
 Mephitic Cloud           Conj/Pois/Air  19%        N/A       9%          3
 Spider Form              Tmut/Pois      19%        N/A       9%          3
 Stone Arrow              Conj/Erth      38%        3d9       9%          3
 Simulacrum               Ice/Necr       29%        N/A       13%         6
 Borgnjor's Revivificati  Necr           41%        N/A       17%         8
 Infestation              Necr           41%        N/A       17%         8
 Leda's Liquefaction      Hex/Erth       12%        N/A       19%         4
 Olgreb's Toxic Radiance  Pois           19%        N/A       26%         4
 Petrify                  Tmut/Erth      19%        N/A       26%         4
 Sticky Flame             Conj/Fire      19%        2d4       26%         4
 Blade Hands              Tmut           9%         N/A       58%         5
 Freezing Cloud           Conj/Ice/Air   9%         6-21      58%         5
 Irradiate                Conj/Tmut      9%         3d14      58%         5
 Lee's Rapid Deconstruct  Erth           9%         3d8*      58%         5
 Death's Door             Necr           41%        N/A       95%         9
 Statue Form              Tmut/Erth      12%        N/A       99%         6
 Necromutation            Tmut/Necr      29%        N/A       99%         8
 Dragon Form              Tmut           9%         N/A       100%        7
 Storm Form               Tmut/Air       9%         N/A       100%        7
 Maxwell's Capacitive Co  Air            9%         ∞         100%        8


Dungeon Overview and Level Annotations

Branches:
Dungeon (15/15)            Temple (1/1) D:5            Lair (5/5) D:9
 Shoals (4/4) Lair:3       Spider (0/4) Lair:2        Slime (0/5) Lair:4
    Orc (2/2) D:10            Elf (0/3) Orc:2        Vaults (0/5) D:13
 Depths (0/4) D:15         Bailey (visited)         Gauntlet (visited)

Altars:
Ashenzari
Cheibriados
Dithmenos
Fedhas
Gozag
Hepliaklqana
Kikubaaqudgha
Makhleb
Nemelex Xobeh
Okawaru
Qazlal
Ru
Sif Muna
Trog
Uskayaw
Vehumet
Wu Jian
Xom
Yredelemnul
Jiyva
Lugonu

Shops:
D:1 ([*   D:3 *   D:5 :   D:6 *   D:9 *   D:10 *   D:11 =   D:15 [   Orc:1 ::
Orc:2 ?*[[   Shoals:1 [

Annotations:
Shoals:2 2 transporters, ioannis32's ghost, adept DsBe


Innate Abilities, Weirdness & Mutations

You regenerate health from kills.
Your magical and physical power is slightly enhanced at high health.
Your movements are significantly less encumbered by armour. (ER -6)
You have a sharp stinger which inflicts weakening toxins.


Message History

The dead are walking!
Your unstable footing causes you to fumble your attack.
The satyr is engulfed in poison gas.
The satyr looks as sick as possible!
The satyr is poisoned.
The satyr plays a rousing melody on his pipes!
The satyr goes into a battle-frenzy!
A sling bullet appears from out of your range of vision.
The sling bullet hits your faun zombie!!
The faun is engulfed in poison gas.
The faun looks even sicker.
The faun unwields a +0 club.
The faun wields a +0 sling.
The faun shoots a sling bullet.
The sling bullet barely misses your faun zombie.
The sling bullet closely misses the water nymph.
The sling bullet hits you! The water nymph completely misses you.
The satyr is engulfed in poison gas.
The satyr looks even sicker.
The satyr plays a frightful melody on his pipes!
The satyr radiates an aura of fear!
You resist with some effort.
Your faun zombie hits the faun.
The satyr is engulfed in poison gas.
The satyr looks as sick as possible!
You barely miss the water nymph. You tail-slap the water nymph.
The water nymph looks weaker.
The water nymph is almost dead.
Your surroundings suddenly seem different.
Splash! 2 manticores, 2 fauns and a merfolk come into view.
Found four items.
The faun shouts!
Kikubaaqudgha accepts your kill.
You feel a bit more experienced. The merfolk misses you.
The faun unwields a +0 sling.
The faun wields a +0 spear.
The faun hits you with a +0 spear!!
* * * LOW HITPOINT WARNING * * *
The faun unwields a +0 club.
The faun wields a +0 sling.
The faun shoots a sling bullet.
The sling bullet misses you. The manticore bites you!
* * * LOW HITPOINT WARNING * * *
The manticore barely misses you. x3; The manticore misses you.
The manticore claws you!
You die...
Kikubaaqudgha rasps: "You have failed me!
Welcome... death!"

#.....~.#§. .....~..#§#
. . #......~#.### ~ .
.#.....#m..#.~ .#.
.###'###§§H§§§.#.###
.~#8~.#.§§§§☼§.#".[# ≈
###.~~###Z##c§.#.H.##≈≈≈
#.~.. c§#~§#H.H...≈≈≈
..§§Z...§m@...#
c§#..#c...~# .~# #.....#
##....$. #...#?.#
#..#....# .#.......
#..#~#.#. ...#.c.
##.~~~~.


You could see a minotaur, a satyr (strong, very poisoned), a merfolk, 3 fauns, 3
manticores and a friendly faun zombie.

Vanquished Creatures
  2 sphinxes (Shoals:4)
  Kirke (Lair:4)
  Azrael (D:13)
  2 ettins
  3 boulder beetles
  An ogre mage (Orc:2)
  2 centaur warriors (D:13)
  A satyr (Shoals:4)
  5 two-headed ogres
  4 orc high priests
  A deep troll (D:15)
  An orc knight (Orc:2)
  2 harpies
  5 orc sorcerers
  2 ugly things
  2 nameless horrors (D:15)
  4 fauns (Shoals:4)
  2 water nymphs
  5 elephants
  A merfolk siren (Shoals:3)
  3 torpor snails
  An unseen horror (D:13)
  7 cane toads
  2 rime drakes (Lair:5)
  2 kobold demonologists (D:10)
  5 komodo dragons
  A tengu conjurer (D:15)
  3 trolls
  3 merfolk
  2 slime creatures (D:15)
  2 hornets (Lair:5)
  A snapping turtle (Shoals:2)
  10 blink frogs
  4 dream sheep
  4 water elementals
  3 wyverns
  2 hogs (Lair:4)
  A human (Lair:4)
  12 yaks
  2 basilisks
  2 fire elementals (D:13)
  Menkaure (D:6)
  2 wargs (Orc:2)
  Duvessa (D:4)
  7 water moccasins
  An acid dragon (D:10)
  A hell hound (D:13)
  27 orc warriors
  5 black bears
  3 ice beasts
  8 ogres
  4 centaurs
  7 bullfrogs
  A kobold brigand (D:9)
  3 scorpions
  2 necrophages
  2 wights (D:7)
  Dowan (D:4)
  An oklob sapling (D:9)
  3 howler monkeys (D:10)
  A centaur zombie (D:7)
  A bullfrog zombie (D:7)
  3 jellies
  3 hounds
  18 orc priests
  3 iguanas
  18 orc wizards
  A killer bee zombie (D:7)
  12 adders
  7 gnolls
  An orc zombie (Bailey)
  4 shadow imps (Gauntlet)
  2 white imps
  An ufetubus (D:5)
  2 worms (D:3)
  5 dart slugs
  75 orcs
  6 endoplasms
  4 giant cockroaches
  13 goblins
  11 hobgoblins
  9 kobolds
  2 quokkas (D:1)
  5 ball pythons
  6 bats
  5 frilled lizards
  13 rats
430 creatures vanquished.

Vanquished Creatures (collateral kills)
  A dire elephant (Gauntlet)
  A minotaur (Gauntlet)
  A fire dragon (Lair:5)
  Josephine (Shoals:1)
  The ghost of Kotami the Carver, a journeyman OpFi of Dithmenos (Lair:2)
  A merfolk impaler (Shoals:4)
  An ice dragon (D:13)
  A boulder beetle (Lair:3)
  3 hydras
  2 centaur warriors
  2 merfolk aquamancers
  5 two-headed ogres
  5 death yaks (Lair:4)
  An alligator snapping turtle (Shoals:3)
  3 satyrs (Shoals:4)
  2 orc high priests (Orc:2)
  A soul eater (Gauntlet)
  6 sea snakes
  A deep troll (D:15)
  A shadow wraith (D:13)
  A swamp dragon (Lair:5)
  2 lindwurms (Lair:5)
  2 wizards (D:15)
  2 deep elf pyromancers
  A necromancer (D:13)
  9 harpies
  21 manticores
  An oklob plant (D:9)
  3 orc knights
  4 fauns
  2 ugly things (D:13)
  10 elephants
  6 cyclopes
  4 merfolk sirens
  3 torpor snails (Lair:5)
  6 water nymphs
  A cane toad (shapeshifter) (D:13)
  A gargoyle (D:12)
  A rime drake (Lair:5)
  8 cane toads
  5 komodo dragons
  3 trolls
  3 polar bears
  Prince Ribbit (Lair:3)
  3 tyrant leeches (Lair:5)
  11 merfolk
  4 wind drakes
  13 dream sheep
  5 slime creatures
  8 snapping turtles
  3 hornets (Lair:5)
  11 blink frogs
  8 wraiths
  4 fire elementals (D:13)
  5 water elementals
  7 yaks
  4 basilisks
  2 redbacks (Lair:2)
  3 water moccasins
  An acid dragon (Lair:5)
  5 orc warriors
  2 swamp drakes (Lair:5)
  A black bear (D:9)
  4 wolves (Lair:2)
  5 ogres
  3 centaurs
  A wyvern zombie (D:7)
  5 bullfrogs
  2 gnoll sergeants
  2 wights (D:7)
  7 killer bees (D:11)
  An electric eel (Lair:3)
  A centaur zombie (D:7)
  4 jellies
  3 orc priests
  A gnoll bouda (Orc:1)
  An iguana (D:6)
  9 orc wizards
  A killer bee zombie (D:7)
  3 nameless horrors
  9 gnolls
  An adder (D:9)
  40 orcs
  3 endoplasms
  A goblin (Bailey)
  5 ball pythons
  A bat (D:2)
  A frilled lizard (D:3)
  2 kobolds
  A rat (D:2)
  3 butterflies
360 creatures vanquished.

Vanquished Creatures (others)
  An orc warlord (Orc:2)
  A minotaur (Shoals:4)
  A fire dragon (Lair:5)
  A merfolk impaler (Shoals:4)
  A hydra (Lair:2)
  2 boulder beetles
  A two-headed ogre (Orc:2)
  A centaur warrior (D:14)
  6 death yaks (Lair:4)
  A satyr (Shoals:4)
  2 deep elf pyromancers
  2 orc knights
  A manticore (D:15)
  An orc sorcerer (Orc:2)
  A faun (Shoals:4)
  2 elephants (Lair:5)
  A black mamba (Lair:4)
  A cyclops (D:8)
  A torpor snail (Lair:5)
  A gargoyle (D:8)
  An unseen horror (D:10)
  A komodo dragon (Lair:5)
  2 redback zombies (Lair:2)
  An efreet (D:8)
  4 harpy zombies
  A merfolk (Shoals:2)
  A meliai (D:8)
  3 hornets
  5 blink frogs
  A wind drake zombie (Lair:3)
  4 yaks
  A wyvern (D:10)
  A vampire (D:8)
  3 humans (Lair:4)
  A basilisk (Lair:5)
  2 steam dragons (Lair:5)
  3 wargs
  3 merfolk zombies (Shoals:4)
  A faun zombie (Shoals:4)
  2 water moccasins
  2 acid dragons (Lair:5)
  4 cane toad zombies
  14 orc warriors
  8 dream sheep zombies
  2 ogres (Orc:2)
  A blink frog zombie (Lair:2)
  5 elephant zombies
  A hog zombie (Lair:4)
  2 manticore zombies
  A wolf (Lair:4)
  2 centaurs
  A rime drake zombie (Lair:5)
  A kobold brigand (D:9)
  2 bullfrogs (D:9)
  2 water moccasin zombies
  A wyvern zombie (D:9)
  A hell hound zombie (D:13)
  A killer bee (D:11)
  6 yak zombies
  A polar bear zombie (Lair:5)
  4 electric eels (Bailey)
  3 wolf zombies (Lair:2)
  A bullfrog zombie (D:9)
  2 centaur zombies (D:7)
  A black bear zombie (D:9)
  A hound (D:9)
  6 orc priests
  An iguana (Lair:5)
  2 orc wizards
  An ice beast zombie (D:8)
  4 ogre zombies
  A hound zombie (D:9)
  3 howler monkey zombies (D:10)
  4 gnolls
  2 adders (D:9)
  4 adder zombies (D:9)
  An iguana zombie (D:6)
  A jelly zombie (D:7)
  16 orcs
  3 gnoll zombies
  A hobgoblin (Bailey)
  3 kobolds (D:9)
  A ball python (D:9)
  5 ball python zombies (D:9)
  2 goblins (Bailey)
  5 goblin zombies (Bailey)
  4 hobgoblin zombies (Bailey)
  9 kobold zombies (D:9)
  39 orc zombies
  A bush (Lair:4)
  8 demonic plants (D:10)
  72 fungi
  199 plants
  2 withered plants (D:7)
540 creatures vanquished.

Grand Total: 1330 creatures vanquished

Notes
Turn   | Place    | Note
-------+----------+-------------------------------------------
     0 | D:1      | Ashen the Demonspawn Necromancer began the quest for the
                  | Orb.
     0 | D:1      | Reached XP level 1. HP: 13/13 MP: 3/3
   126 | D:1      | Found Riotof's Antique Weapon Shop.
   164 | D:1      | Gained mutation: Your movements are slightly less
                  | encumbered by armour. (ER -2) [demonic ancestry]
   164 | D:1      | Reached XP level 2. HP: 16/20 MP: 0/5
   539 | D:1      | Found a faded altar of an unknown god.
   975 | D:1      | Found Vypiut's Assorted Antiques.
   982 | D:1      | Gained mutation: You have a small tail. [demonic ancestry]
   982 | D:1      | Reached XP level 3. HP: 25/25 MP: 4/6
  1004 | D:1      | Found Marruhor's Antique Armour Shoppe.
  1268 | D:2      | Reached skill level 1 in Fighting
  1439 | D:2      | Learned a level 3 spell: Vampiric Draining
  1957 | D:2      | Reached XP level 4. HP: 26/32 MP: 2/7
  2374 | D:3      | Found a blossoming altar of Fedhas.
  2477 | D:3      | Found Deropsou's Assorted Antiques.
  2546 | D:3      | Found a hazy altar of Hepliaklqana.
  2703 | D:4      | Reached skill level 5 in Necromancy
  2812 | D:4      | Noticed Duvessa
  2814 | D:4      | Noticed Dowan
  2885 | D:3      | Gained mutation: You regenerate a little health from kills.
                  | [demonic ancestry]
  2885 | D:3      | Reached XP level 5. HP: 38/38 MP: 3/9
  3454 | D:4      | Killed Duvessa
  3455 | D:4      | Gained mutation: You regenerate health from kills. [demonic
                  | ancestry]
  3455 | D:4      | Reached XP level 6. HP: 18/46 MP: 2/10
  3457 | D:4      | Killed Dowan
  3978 | D:4      | Learned a level 4 spell: Animate Dead
  4769 | D:5      | Entered Level 5 of the Dungeon
  4927 | D:5      | Reached XP level 7. HP: 50/52 MP: 12/12
  4939 | D:5      | Found a staircase to the Ecumenical Temple.
  4953 | Temple   | Entered the Ecumenical Temple
  4968 | Temple   | Became a worshipper of Kikubaaqudgha
  5234 | D:5      | Learned a level 3 spell: Call Canine Familiar
  5295 | D:5      | Reached skill level 1 in Summonings
  5295 | D:5      | Reached skill level 6 in Necromancy
  5737 | D:5      | Found a large runed translucent door.
  5746 | D:5      | Found a large runed translucent door.
  5752 | D:5      | Found Neanacku's Book Shoppe.
  5780 | D:5      | Found a radiant altar of Vehumet.
  5793 | D:5      | Found a bloodstained altar of Trog.
  6138 | D:6      | Reached * piety under Kikubaaqudgha
  6138 | D:6      | Received a gift from Kikubaaqudgha
  6323 | D:6      | Learned a level 4 spell: Anguish
  6344 | D:6      | Gained mutation: Your movements are less encumbered by
                  | armour. (ER -4) [demonic ancestry]
  6344 | D:6      | Reached XP level 8. HP: 57/60 MP: 7/14
  6523 | D:6      | Found Imosk's Fire Supplies.
  6617 | D:6      | Found a sparkling altar of Nemelex Xobeh.
  6679 | D:6      | Noticed Menkaure
  6692 | D:6      | Killed Menkaure
  7055 | D:7      | Found a shimmering altar of Xom.
  7055 | D:7      | Found a shimmering altar of Xom.
  7055 | D:7      | Found a shimmering altar of Xom.
  7055 | D:7      | Found a shimmering altar of Xom.
  7076 | D:7      | Reached skill level 1 in Hexes
  7164 | D:7      | Found a shimmering altar of Xom.
  7164 | D:7      | Found a shimmering altar of Xom.
  7165 | D:7      | Found a shimmering altar of Xom.
  7291 | D:7      | Noticed a hornet
  7291 | D:7      | a tengu changed into a hornet
  7916 | D:7      | Noticed a minotaur
  7938 | D:7      | Reached skill level 7 in Necromancy
  7967 | D:7      | Gained mutation: You have a tail ending in a sharp stinger.
                  | [demonic ancestry]
  7967 | D:7      | Reached XP level 9. HP: 67/67 MP: 16/16
  7989 | D:7      | Reached ** piety under Kikubaaqudgha
  8013 | D:7      | Noticed a meliai
  8017 | D:7      | Noticed an azure jelly
  8017 | D:7      | a minotaur changed into an azure jelly
  8044 | D:7      | Reached skill level 5 in Spellcasting
  8044 | D:7      | Reached skill level 5 in Summonings
  8087 | D:7      | Reached skill level 5 in Dodging
  8089 | D:7      | Reached skill level 5 in Fighting
  8208 | D:7      | Noticed an eye of devastation
  8210 | D:7      | Noticed an azure jelly
  8320 | D:7      | Noticed an entropy weaver
  8321 | D:7      | Noticed a wolf spider
  8937 | D:8      | Noticed a meliai
  8943 | D:8      | Killed a meliai
  9047 | D:8      | Noticed a deep elf pyromancer
  9055 | D:8      | Killed a deep elf pyromancer
  9056 | D:8      | Reached skill level 8 in Necromancy
  9093 | D:7      | Noticed a steelbarb worm
  9457 | D:8      | Noticed a gargoyle
  9560 | D:8      | Noticed an efreet
  9730 | D:8      | Killed a gargoyle
  9797 | D:8      | Killed an efreet
  9871 | D:8      | Noticed a cyclops
  9985 | D:8      | Killed a cyclops
  9986 | D:8      | Gained mutation: Your magical and physical power is
                  | slightly enhanced at high health. [demonic ancestry]
  9986 | D:8      | Reached XP level 10. HP: 24/77 MP: 15/19
 10328 | D:8      | Noticed a boulder beetle
 10348 | D:8      | Killed a boulder beetle
 10473 | D:8      | Identified the +10 shortbow "Feajaxif" {flame, Dex+6}
 10487 | D:8      | Reached skill level 9 in Necromancy
 11248 | D:7      | Noticed a death yak
 11487 | D:1      | Bought a jewelled leather armour for 210 gold pieces
 11487 | D:1      | Identified the +1 leather armour "Jufiosk" {+Blink rPois
                  | rN+ rCorr} (You bought it in a shop on level 1 of the
                  | Dungeon)
 11487 | D:1      | Bought a scroll labelled USU WATWOGES for 30 gold pieces
 11487 | D:1      | Bought a fizzy clear potion for 27 gold pieces
 11487 | D:1      | Bought a scroll of identify for 60 gold pieces
 11580 | D:3      | Bought a potion of heal wounds for 125 gold pieces
 11580 | D:3      | Bought a potion of lignification for 75 gold pieces
 11770 | D:9      | Found a staircase to the Lair.
 12129 | D:9      | Reached *** piety under Kikubaaqudgha
 12129 | D:9      | Received a gift from Kikubaaqudgha
 12148 | D:9      | Learned a level 6 spell: Death Channel
 12303 | D:9      | Found Biqo's Assorted Antiques.
 12619 | D:9      | Found an ornate altar of the Wu Jian Council.
 12632 | D:9      | Found a burning altar of Makhleb.
 12637 | D:9      | Found a sacrificial altar of Ru.
 12695 | D:9      | Reached XP level 11. HP: 74/86 MP: 6/22
 13052 | D:9      | Noticed an oklob plant
 13081 | D:9      | Killed an oklob plant
 13082 | D:9      | Reached skill level 10 in Necromancy
 13468 | D:7      | Noticed a sea snake
 13557 | D:3      | Bought a scroll of identify for 50 gold pieces
 13557 | D:3      | Bought a scroll of identify for 50 gold pieces
 13689 | D:9      | Bought a scroll labelled QUATAZ GUAQA for 30 gold pieces
 13704 | D:10     | Entered Level 10 of the Dungeon
 13704 | D:10     | Found Hucsomygg's Assorted Antiques.
 13765 | D:10     | Found a flagged portal.
 13775 | D:10     | Reached **** piety under Kikubaaqudgha
 13836 | Bailey   | Entered a bailey
 13873 | Bailey   | Learned a level 5 spell: Borgnjor's Vile Clutch
 14520 | Bailey   | Found an iron altar of Okawaru.
 14520 | Bailey   | Noticed an orc high priest
 14520 | Bailey   | Noticed an orc high priest
 14526 | Bailey   | Noticed a sixfirhy
 14534 | Bailey   | Killed an orc high priest
 14551 | Bailey   | Killed an orc high priest
 14599 | Bailey   | Noticed an orc knight
 15146 | Bailey   | Killed an orc knight
 15291 | D:10     | Found a corrupted altar of Lugonu.
 15292 | D:10     | Noticed a soul eater
 15393 | D:10     | Found an opulent altar of Gozag.
 15756 | D:10     | Found a staircase to the Orcish Mines.
 15758 | D:10     | Reached ***** piety under Kikubaaqudgha
 16324 | Orc:1    | Entered Level 1 of the Orcish Mines
 16473 | Orc:1    | Noticed an orc sorcerer
 16473 | Orc:1    | Paralysed by an orc sorcerer for 5 turns
 16487 | Orc:1    | Killed an orc sorcerer
 16643 | Orc:1    | Noticed an ettin
 16653 | Orc:1    | Killed an ettin
 16861 | Orc:1    | Found Luonoh's Book Boutique.
 16958 | Orc:2    | Entered Level 2 of the Orcish Mines
 16965 | Orc:2    | HP: 3/89 [ogre/+0 giant spiked club (6)]
 16966 | Orc:2    | Reached skill level 11 in Necromancy
 17169 | Orc:2    | Noticed a two-headed ogre
 17177 | Orc:2    | Killed a two-headed ogre
 17316 | Orc:2    | Noticed a two-headed ogre
 17319 | Orc:2    | Killed a two-headed ogre
 17320 | Orc:2    | Reached XP level 12. HP: 82/95 MP: 6/24
 17693 | Orc:2    | Noticed a two-headed ogre
 17709 | Orc:2    | Killed a two-headed ogre
 17929 | Orc:2    | Found Ometekud's Antique Armour Boutique.
 18131 | Orc:2    | Found Tuut's Antique Armour Shop.
 18208 | Orc:2    | Noticed an ogre mage
 18217 | Orc:2    | Killed an ogre mage
 18485 | Orc:1    | Bought a book of the Wilderness for 608 gold pieces
 18602 | Orc:2    | Noticed a two-headed ogre
 18608 | Orc:2    | Killed a two-headed ogre
 18609 | Orc:2    | Reached skill level 10 in Fighting
 18720 | Orc:2    | Reached ****** piety under Kikubaaqudgha
 18721 | Orc:2    | Received a gift from Kikubaaqudgha
 18902 | Orc:2    | Found a staircase to the Elven Halls.
 19018 | Orc:2    | Noticed an orc warlord
 19020 | Orc:2    | Reached skill level 12 in Necromancy
 19080 | Orc:2    | Killed an orc warlord
 19346 | Orc:2    | Noticed an orc high priest
 19358 | Orc:2    | Killed an orc high priest
 19509 | Orc:2    | Noticed an orc high priest
 19520 | Orc:2    | Killed an orc high priest
 19521 | Orc:2    | Reached XP level 13. HP: 82/103 MP: 8/26
 19632 | Orc:2    | Found Biul Yla's General Store.
 19644 | Orc:2    | Reached skill level 10 in Dodging
 19753 | Orc:2    | Bought a potion of heal wounds for 70 gold pieces
 19786 | Orc:2    | Reached skill level 10 in Spellcasting
 19805 | Orc:2    | Found Ziduz's Magic Scroll Emporium.
 20025 | Orc:2    | Learned a level 6 spell: Summon Cactus Giant
 20415 | Orc:1    | Found Jebboab's Self-Improvement Boutique.
 20763 | Lair:1   | Entered Level 1 of the Lair of Beasts
 21259 | Lair:1   | Reached skill level 13 in Necromancy
 22121 | Lair:2   | Found a hole to the Spider Nest.
 22198 | Lair:2   | Found a runed translucent gate.
 22206 | Lair:2   | Found a runed translucent gate.
 22207 | Lair:2   | Found a runed translucent gate.
 22208 | Lair:2   | Noticed Kotami's ghost (journeyman OpFi)
 22378 | Lair:2   | Found a stormy altar of Qazlal.
 22437 | Lair:2   | Identified the +2 leather armour of Brilliance {rF+++ rC+
                  | Will+ Dex-2}
 22711 | Lair:2   | Identified the amulet "Okhor" {RegenMP Int+3 Stlth+}
 23445 | Lair:3   | Reached skill level 10 in Summonings
 23446 | Lair:3   | Reached skill level 14 in Necromancy
 23823 | Lair:3   | Identified the +14 plate armour "Pauq" {rC+ rCorr}
 23825 | Lair:3   | Found a staircase to the Shoals.
 23894 | Lair:3   | Noticed Prince Ribbit
 23907 | Lair:3   | Killed Prince Ribbit
 24181 | Lair:3   | Identified the +6 long sword of Afruank {vorpal, rN+}
 24644 | Lair:4   | Found a gate leading to a gauntlet.
 24654 | Gauntlet | Entered a Gauntlet
 24654 | Gauntlet | Found a transporter.
 24654 | Gauntlet | Found a transporter.
 24672 | Gauntlet | Found a transporter.
 24676 | Gauntlet | Found a transporter.
 24684 | Gauntlet | Found a transporter.
 24688 | Gauntlet | Found a transporter.
 24694 | Gauntlet | Noticed a dire elephant
 24697 | Gauntlet | Found a transporter.
 24713 | Gauntlet | Found a transporter.
 24727 | Gauntlet | Found a transporter.
 24731 | Gauntlet | Found a transporter.
 24739 | Gauntlet | Found a transporter.
 24743 | Gauntlet | Found a transporter.
 25043 | Gauntlet | Killed a dire elephant
 25044 | Gauntlet | Reached XP level 14. HP: 90/110 MP: 11/28
 25053 | Gauntlet | Identified the +0 hat "Nafusaluo" {rElec rF+ Will+++ Str-2}
 25249 | Gauntlet | Identified the +6 broad axe "Yhiodel" {vorpal, rElec Will+}
 25277 | Gauntlet | Identified the +0 buckler "Uczin" {rF++ Str+2}
 25672 | Lair:4   | Found a runed translucent door.
 25673 | Lair:4   | Found a viscous altar of Jiyva.
 25675 | Lair:4   | Found a staircase to the Slime Pits.
 25765 | Lair:4   | Reached skill level 15 in Necromancy
 25941 | Lair:4   | Noticed Kirke
 25952 | Lair:4   | Killed Kirke
 26060 | Lair:4   | Identified the ring of Coukhad {rPois rC+ Int+2}
 26960 | Lair:4   | Reached skill level 16 in Necromancy
 27181 | Lair:5   | Entered Level 5 of the Lair of Beasts
 27589 | Lair:5   | Reached skill level 17 in Necromancy
 27592 | Lair:5   | Reached skill level 1 in Evocations
 27788 | Lair:5   | Identified the +9 chain mail of the Marlin {Fly rPois
                  | Str+4}
 27799 | Lair:5   | Found a runed translucent door.
 27847 | Lair:5   | Reached skill level 5 in Evocations
 28275 | Lair:5   | Gained mutation: Your movements are significantly less
                  | encumbered by armour. (ER -6) [demonic ancestry]
 28275 | Lair:5   | Reached XP level 15. HP: 82/115 MP: 18/29
 28283 | Lair:5   | Learned a level 7 spell: Haunt
 29122 | D:11     | Found Berr's Jewellery Emporium.
 29665 | D:11     | Identified the +3 ring mail of the Depths {+Inv rElec
                  | Int+3}
 31707 | D:13     | Noticed Azrael
 31719 | D:13     | Killed Azrael
 31983 | D:13     | Found a gate to the Vaults.
 33106 | D:14     | Found a transporter.
 33130 | D:14     | Found a transporter.
 33175 | D:14     | Found a transporter.
 33192 | D:14     | Found a transporter.
 33404 | D:15     | Entered Level 15 of the Dungeon
 33657 | D:15     | Got Zassuile's Lessons on the Geologist
 33660 | D:15     | Found Sanulul's Armour Shoppe.
 34336 | D:15     | Found an iron altar of Okawaru.
 34451 | D:15     | Found a staircase to the Depths.
 34872 | Lair:2   | Killed Kotami's ghost
 34947 | Shoals:1 | Entered Level 1 of the Shoals
 35497 | Shoals:2 | Gained mutation: You have a sharp stinger which inflicts
                  | weakening toxins. [demonic ancestry]
 35497 | Shoals:2 | Reached XP level 16. HP: 122/122 MP: 13/34
 35541 | Shoals:2 | Found a transporter.
 35543 | Shoals:2 | Found a transporter.
 35555 | Shoals:2 | Identified the ring of Spite {+Blink rPois}
 35574 | Shoals:2 | Noticed ioannis32's ghost (adept DsBe)
 35661 | Shoals:2 | Noticed a kraken
 35744 | Shoals:2 | You fall into a shaft and drop 1 floor!
 35781 | Shoals:3 | Reached skill level 15 in Spellcasting
 36346 | Shoals:1 | Noticed Josephine
 36353 | Shoals:1 | Killed Josephine
 36439 | Shoals:1 | Found Foplaykk's Antique Armour Shop.
 37650 | Shoals:4 | Entered Level 4 of the Shoals
 38312 | Shoals:4 | Noticed a sphinx
 38318 | Shoals:4 | Killed a sphinx
 38337 | Shoals:4 | Noticed a sphinx
 38346 | Shoals:4 | Killed a sphinx
 38350 | Shoals:4 | Got a barnacled rune of Zot
 38351 | Shoals:4 | Identified the +10 shortbow "Pireir" {vorpal, Fly SInv}
 38353 | Shoals:4 | Identified the +1 plate armour of the Endless Expanse
                  | {rPois Slay+2}
 38433 | Shoals:4 | HP: 1/129 [manticore (14)]
 38433 | Shoals:4 | Mangled by a manticore

Illustrated notes

Levels and vault maps discovered:
D:1:      lightli_arrival_lavapool, layout_basic, serial_shops, shop_fountains,
          shop, nicolae_shop_trees,
          hellmonk_ecumenical_altar_pennies_from_heaven
D:2:      layout_loops_ring, minmay_hexomino_c4
D:3:      layout_basic, mainiacjoe_overflow_surrounded_room,
          mainiacjoe_overflow_big_doors, serial_shops, shop,
          kennysheep_generic_room_6
D:4:      layout_layer_cave, uniq_duvessa
D:5:      layout_loops_ring, jmf_multi_god_temple2, temple_statues,
          serial_shops, shop
D:6:      layout_cave_pods, nemelex_spade_bored_becter, chequers_jeans,
          nicolae_shop_fire_sale [nicolae_sub_dead_trees],
          hellmonk_bongcloud_opening, item_on_display_a, uniq_menkaure
D:7:      layout_cave_pools, xom_shifter_show, serial_undead, serial_undead_c,
          serial_undead_a, serial_undead_f, serial_undead_a
D:8:      minmay_cut_squares, layout_basic, mainiacjoe_overflow_paths
D:9:      layout_roguey, minitemple, due_lair_maze_entry_diamond, serial_shops,
          shop, introduction_to_nature_1
D:10:     kennysheep_kobold_lugonu_temple, layout_loops_ring,
          mainiacjoe_overflow_cross_hatched, hiddenorc2_lemuel, serial_shops,
          shop, enter_bailey_2
D:11:     layout_gridville, serial_shops, nicolae_shop_advertising_works
          [nicolae_subvault_shop_adworks]
D:12:     layout_basic, serial_co_window_serial, co_window_paths_a,
          co_window_paths_a, co_window_corner_a, co_window_corner_a,
          co_window_paths_a, co_window_corner_a, co_window_corner_a,
          co_window_cross_1, co_window_paths_a, co_window_of_opportunity_b,
          co_window_corner_ca, co_window_unsneaky_path_a, co_window_cross_3,
          co_window_unsneaky_path_b, co_window_unsneaky_path_e,
          co_window_unsneaky_path_d, glass_columns_b
D:13:     layout_basic, david_vaults_4, uniq_azrael
D:14:     layout_small_grid, hangedman_glass_teeth,
          nicolae_transporter_intersection
D:15:     hangedman_depths_entry_civil_slaughter, layout_long_grid,
          lemuel_coloured_pillars_altar, serial_shops, nicolae_shop_behind_doors
Temple:   hellmonk_temple_forest_ring
Lair:1:   layout_cave_pods, beast_lair_carwin_1
Lair:2:   layout_layer_cave, spider_nest_entry_a, basic_altar,
          gammafunk_ghost_hydra_chop, lemuel_fruit_fields, grunt_megastairs_2,
          infiniplex_staircase_pool_2
Lair:3:   statuecave_lemuel, layout_chaotic_city, minmay_shoals_entry_beasts,
          lemuel_fruit_fields, infiniplex_staircase_pool, uniq_prince_ribbit2
Lair:4:   layout_hall_layers, slime_entry_2, gauntlet_entry_generic,
          serial_bayou_pond_b, uniq_kirke
Lair:5:   guppyfry_lair_end_dragon, layout_misc_corridors, wormcave,
          lemuel_fruit_fields
Shoals:1: layout_shoals, serial_shops, shop, uniq_josephine
Shoals:2: layout_shoals, ebering_ghost_davey_jones
Shoals:3: layout_shoals, nicolae_shoals_nymph_descending_staircase
Shoals:4: shoals_end_hellmonk_lost_city, serial_shops
Orc:1:    layout_diamond_mine, serial_shops, shop, nicolae_shop_self_help
Orc:2:    pubby_orc_utopia

Skill      XL: |  1  2  3  4  5  6  7  8  9 10 11 12 13 14 15 16 |
---------------+-------------------------------------------------+-----
Stealth        | 2 3 |  3.0
Dodging        | 2 3 4 6 7 8 9 10 12 | 12.1
Fighting       | 1 2 3 4 6 7 9 10 12 | 12.6
Necromancy     | 5 6 7 8 9 11 12 14 17 | 17.0
Spellcasting   | 3 4 6 7 8 9 10 14 15 | 15.0
Summonings     | 2 4 5 7 11 12 | 12.0
Hexes          | 2 |  2.0
Evocations     | 5 |  5.0

Action                   |  1- 3 |  4- 6 |  7- 9 | 10-12 | 13-15 | 16-18 || total
-------------------------+-------+-------+-------+-------+-------+-------++-------
Melee: Unarmed           |     9 |       |       |       |       |       ||     9
       Dagger            |    26 |    24 |       |       |       |       ||    50
       Tailslap          |     2 |     9 |    45 |    63 |    83 |    13 ||   215
       Rapier            |       |    57 |   263 |   398 |   160 |       ||   878
       Punch             |       |       |     6 |     9 |     9 |     1 ||    25
       Scimitar          |       |       |       |     3 |    58 |    38 ||    99
       Staff             |       |       |       |       |   109 |     5 ||   114
 Cast: Necrotise         |    60 |    53 |       |       |       |       ||   113
       Vampiric Draining |       |     2 |    13 |    19 |    61 |    18 ||   113
       Call Canine Famil |       |       |    26 |    22 |    11 |       ||    59
       Animate Dead      |       |       |     7 |    21 |    17 |     5 ||    50
       Anguish           |       |       |    13 |    70 |    91 |    15 ||   189
       Borgnjor's Vile C |       |       |       |    34 |    73 |    17 ||   124
       Death Channel     |       |       |       |    14 |    29 |     7 ||    50
       Summon Cactus Gia |       |       |       |       |    48 |     7 ||    55
       Haunt             |       |       |       |       |    52 |    54 ||   106
Invok: Receive Forbidden |       |       |       |     1 |       |       ||     1
 Abil: Evoke Blink       |       |       |       |     1 |     4 |     1 ||     6
Evoke: Wand              |       |       |       |     1 |     2 |     1 ||     4
       Condenser vane    |       |       |       |     1 |       |     1 ||     2
       Phial of floods   |       |       |       |     1 |       |       ||     1
  Use: Scroll            |       |       |    10 |     4 |    18 |     9 ||    41
       Potion            |       |       |     3 |     4 |     1 |     5 ||    13
 Stab: Sleeping          |     2 |     5 |     3 |     8 |     5 |       ||    23
       Distracted        |       |       |     6 |     1 |     5 |     1 ||    13
       Confused          |       |       |       |     1 |       |       ||     1
Armor: Leather armour    |    25 |    42 |   161 |   177 |   197 |    40 ||   642
       Robe              |     1 |       |       |       |       |       ||     1
       Skin              |       |       |     1 |       |       |       ||     1
Dodge: Dodged            |    34 |    37 |   252 |   613 |   559 |    95 ||  1590
